 Dungeon Crawl Stone Soup version 0.23.2-40-g277498a001 (webtiles) character file.

Game seed: 14787156000490711633

402 Curus the Chopper (level 6, -2/51 HPs)
             Began as a Hill Orc Abyssal Knight on Oct 17, 2019.
             Was a Priest of Lugonu.
             Slain by an orc wizard
             ... wielding a +0 flail
              (8 damage)
             ... on level 5 of the Dungeon on Oct 18, 2019.
             The game lasted 00:12:50 (3526 turns).

Curus the Chopper (Hill Orc Abyssal Knight)         Turns: 3526, Time: 00:12:51

Health: -2/51      AC: 10    Str: 15    XL:     6   Next: 85%
Magic:  11/11      EV:  6    Int: 12    God:    Lugonu [***...]
Gold:   227        SH:  0    Dex: 12    Spells: 5/5 levels left

rFire    . . .     SeeInvis .   l - +0 war axe
rCold    . . .     Gourm    .   (no shield)
rNeg     . . .     Faith    .   n - +0 chain mail
rPois    .         Spirit   .   k - +0 hat
rElec    .         Reflect  .   j - +1 cloak
rCorr    .         Harm     .   (no gloves)
MR       .....                  (no boots)
Stlth    ..........             (no amulet)
HPRegen  0.17/turn              i - +2 ring of slaying
MPRegen  0.12/turn              (no ring)

@: no status effects
A: no striking features
a: Depart the Abyss, Bend Space, Banish, Renounce Religion


You were on level 5 of the Dungeon.
You worshipped Lugonu.
Lugonu was most pleased with you.
You were hungry.

You visited 1 branch of the dungeon, and saw 5 of its levels.
You visited the Abyss 1 time.

You collected 227 gold pieces.

Inventory:

Hand Weapons
 a - a +3 hand axe
 l - a +0 war axe (weapon)
Armour
 b - a +0 leather armour
 d - a +0 ring mail
 j - a +1 cloak (worn)
 k - a +0 hat (worn)
 n - a +0 chain mail (worn)
Jewellery
 i - a +2 ring of slaying (left hand)
Wands
 m - a wand of digging (6)
Scrolls
 e - 8 scrolls of identify
 f - 4 scrolls of teleportation
 h - 6 scrolls of remove curse
 p - a scroll of amnesia
Potions
 g - 3 potions of agility
 o - a potion of heal wounds
Comestibles
 c - 7 rations


   Skills:
 - Level 3.6 Fighting
 + Level 6.8 Axes
 - Level 2.1 Armour
 - Level 0.7 Dodging
 + Level 6.7 Invocations


You had 5 spell levels left.
You didn't know any spells.
Your spell library contained the following spells:

 Spells                   Type           Power        Failure   Level  Hunger
 Summon Small Mammal      Summ           #...         100%        1    ##.....
 Call Imp                 Summ           #.......     100%        2    ###....
 Call Canine Familiar     Summ           #.......     100%        3    ####...
 Summon Guardian Golem    Hex/Summ       #.......     100%        3    ####...
 Summon Ice Beast         Ice/Summ       #.......     100%        4    #####..
 Summon Lightning Spire   Summ/Air       #.......     100%        4    #####..


Dungeon Overview and Level Annotations

Branches:
Dungeon (5/15)
 Temple: D:4-7

Altars:
Ashenzari
Fedhas
Qazlal
Uskayaw


Message History

You barely miss something. Something hits you but does no damage.
You slash something! Something hits you.
* * * LOW HITPOINT WARNING * * *
Something hits you.
* * * LOW HITPOINT WARNING * * *
Your chain mail prevents you from hitting something.
You closely miss the orc.
The orc throws a tomahawk.
The tomahawk hits you but does no damage.
The orc hits you but does no damage. Something hits you.
* * * LOW HITPOINT WARNING * * *
The orc throws a tomahawk.
The tomahawk hits you but does no damage.
Something hits you but does no damage.
Your chain mail prevents you from hitting something.
Something hits you but does no damage.
You closely miss something. Something hits you but does no damage.
Something hits you.
* * * LOW HITPOINT WARNING * * *
You closely miss something. Something hits you!
You die...

.# #.#.#.#........ .#
#.....#.....#### .########
###.#.....o.)....#
......... .........(.....##
.############.##.##.#######
................Yo.o.......
.#.###### ###..oo##.....###
.#.##########.##.######.#
..............##@# #
##.##########.##.#
#.##########.##........
#............##.#######
#.#############.# #.# ###
#.# ###


You could see an ice beast and 3 orcs.

Vanquished Creatures
  A howler monkey (D:4)
  2 orc wizards (D:5)
  2 worker ants (D:4)
  A worker ant zombie (D:5)
  A howler monkey skeleton (D:4)
  7 gnolls
  6 adders
  4 oozes
  An adder skeleton (D:4)
  2 worms
  A dart slug (D:2)
  3 leopard geckos
  8 orcs
  A ball python (D:2)
  A giant cockroach (D:2)
  14 hobgoblins
  4 jackals
  2 quokkas (D:4)
  3 bats
  4 frilled lizards
  A giant cockroach zombie (D:2)
  8 goblins
  10 kobolds
  5 rats
92 creatures vanquished.

Notes
Turn   | Place    | Note
-------+----------+-------------------------------------------
     0 | Abyss:1  | Curus the Hill Orc Abyssal Knight began the quest for the
                  | Orb.
     0 | Abyss:1  | Reached XP level 1. HP: 19/19 MP: 2/2
   104 | D:1      | Escaped the Abyss
   189 | D:1      | Reached XP level 2. HP: 23/26 MP: 2/4
   448 | D:1      | Reached * piety under Lugonu
   448 | D:1      | Reached XP level 3. HP: 30/31 MP: 5/5
   716 | D:2      | Found a blossoming altar of Fedhas.
  1593 | D:3      | Reached XP level 4. HP: 32/39 MP: 7/7
  1886 | D:3      | Reached skill level 5 in Axes
  1892 | D:3      | Reached ** piety under Lugonu
  1932 | D:3      | Reached XP level 5. HP: 41/45 MP: 8/8
  2013 | D:4      | Reached skill level 5 in Invocations
  2238 | D:4      | Found a stormy altar of Qazlal.
  2360 | D:4      | Reached XP level 6. HP: 10/51 MP: 10/10
  3145 | D:5      | Entered Level 5 of the Dungeon
  3307 | D:5      | Found a hide-covered altar of Uskayaw.
  3307 | D:5      | Found a shattered altar of Ashenzari.
  3430 | D:5      | Reached *** piety under Lugonu
  3500 | D:5      | Noticed an ice beast
  3526 | D:5      | Slain by an orc wizard

Skill      XL: |  1  2  3  4  5  6 |
---------------+-------------------+-----
Axes           | 3 4 5 6 |  6.8
Invocations    | 3 4 5 6 |  6.7
Fighting       | |  3.6
Armour         | |  2.1
Dodging        | |  0.7

Action                   |  1- 3 |  4- 6 || total
-------------------------+-------+-------++-------
Melee: Hand axe          |   102 |     8 ||   110
       War axe           |       |   176 ||   176
Invok: Depart the Abyss  |     1 |       ||     1
  Use: Scroll            |     4 |     5 ||     9
       Potion            |     6 |     3 ||     9
  Eat: Chunk             |     1 |     7 ||     8
Armor: Ring mail         |    32 |    25 ||    57
       Chain mail        |       |    69 ||    69
Dodge: Dodged            |    42 |    71 ||   113
